 Dungeon Crawl Stone Soup version 0.30.1-11-g7821555f0a (webtiles) character file.

Game seed: 11707659277041385253

135 RancidPinata the Cudgeller (level 5, -4/32 HPs)
             Began as a Gargoyle Gladiator on Nov 16, 2023.
             Slain by Crazy Yiuf
             ... wielding a +4 quarterstaff of chaos
              (10 damage)
             ... on level 3 of the Dungeon.
             The game lasted 00:09:16 (2232 turns).

RancidPinata the Cudgeller (Gargoyle Gladiator)     Turns: 2232, Time: 00:09:16

Health: -4/32      AC:  8    Str: 25    XL:     5   Next: 18%
Magic:  5/5        EV: 17    Int: 15    God:
Gold:   114        SH:  0    Dex: 11    Spells: 4/4 levels left

rFire   . . .        r - +1 war axe (heavy)
rCold   . . .        (no shield)
rNeg    + . .        b - +0 leather armour
rPois   ∞            c - +0 helmet
rElec   +            (no cloak)
rCorr   .            (no gloves)
SInv    .            (no boots)
Will    .....        (no amulet)
Stlth   +            y - +6 ring of strength
HPRegen 0.25/turn    x - +6 ring of intelligence
MPRegen 0.09/turn

%: no passive effects
@: confused, agile, ambrosia-drunk
A: sickness immunity, AC +4, negative energy resistance 1, electricity
resistance, torment resistance 1, petrification resistance
a: no special abilities


You were on level 3 of the Dungeon.
You visited 2 branches of the dungeon, and saw 5 of its levels.

You collected 114 gold pieces.

Inventory:

Hand Weapons
 a - a +0 flail
 p - a +2 dagger of holy wrath
 r - a +1 heavy war axe (weapon)
Missiles
 d - 5 throwing nets (quivered)
 e - 9 javelins
 h - 13 stones
 k - 3 poisoned darts
Armour
 b - a +0 leather armour (worn)
 c - a +0 helmet (worn)
 z - a +0 cloak
Jewellery
 t - a +5 ring of evasion
 x - a +6 ring of intelligence (right hand)
 y - a +6 ring of strength (left hand)
Scrolls
 f - 5 scrolls of identify {unknown}
 i - 2 scrolls of enchant armour {unknown}
 j - 3 scrolls of teleportation {unknown}
 m - a scroll of blinking {unknown}
 q - a scroll of immolation {unknown}
 s - 4 scrolls of noise {unknown}
 v - a scroll of magic mapping {unknown}
Potions
 g - a potion of curing {unknown}
 l - a potion of flight {unknown}
 n - a potion of attraction {unknown}
 o - a potion of cancellation {unknown}
 u - a potion of magic {unknown}
 w - a potion of ambrosia


   Skills:
 * Level 3.5 Fighting
 * Level 1.4(2.6) Axes
 + Level 3.8(4.0) Maces & Flails
 + Level 2.4 Throwing
 + Level 1.6 Armour
 - Level 2.4 Dodging


You had 4 spell levels left.
You didn't know any spells.
Your spell library contained the following spells:

 Spells                   Type           Power      Damage    Failure   Level
 Magic Dart               Conj           0%         1d3       30%         1
 Call Imp                 Summ           0%         N/A       43%         2
 Inner Flame              Hex/Fire       0%         N/A       67%         3
 Mephitic Cloud           Conj/Pois/Air  0%         N/A       67%         3
 Flame Wave               Conj/Fire      0%         2d4       97%         4
 Sticky Flame             Conj/Fire      0%         2d3       97%         4


Dungeon Overview and Level Annotations

Branches:
Dungeon (4/15)             Temple (1/1) D:4

Altars:
Ashenzari
Cheibriados
Dithmenos
Elyvilon
Fedhas
Hepliaklqana
Nemelex Xobeh
Qazlal
Ru
Trog
Uskayaw
Wu Jian
Xom
Yredelemnul
Zin
The Shining One

Annotations:
D:3 Crazy Yiuf, Sigmund


Innate Abilities, Weirdness & Mutations

You are immune to sickness and miasma.
Your stone body is resilient. (AC +4)
You are immune to poison.
You resist negative energy. (rN+)
You are resistant to electric shocks. (rElec)
You are resistant to unholy torment.
You are immune to petrification.


Message History

There is an open door here.
A giant cockroach comes into view.
The giant cockroach moves out of view.
The giant cockroach barely misses you.
You see here a hobgoblin skeleton.
You slash the giant cockroach!
You kill the giant cockroach!
There is a stone staircase leading down here.
You hit the fungus.
The fungus begins to die.
The fungus is lightly damaged.
You slash the fungus!
The fungus begins to die.
You slice the fungus!!
The fungus is lightly damaged.
You slash the fungus!
A nearby fungus withers and dies.
You hit the fungus.
The fungus is lightly damaged.
A nearby fungus withers and dies.
Found a hammer.
Found a runed translucent door.
Press: ? - help, v - describe, . - travel, g - get item Item here: a hammer.
The floor.
You open the door. You barely miss Crazy Yiuf.
Crazy Yiuf hits you with a +4 quarterstaff of chaos.
Crazy Yiuf burns you. Crazy Yiuf barely misses you.
You hit Crazy Yiuf.
Crazy Yiuf is moderately wounded.
Crazy Yiuf cries, "You leg down broken song, no?"
Crazy Yiuf hits you with a +4 quarterstaff of chaos.
You feel agile all of a sudden.
Crazy Yiuf hits you with a +4 quarterstaff of chaos!
* * * LOW HITPOINT WARNING * * *
Crazy Yiuf freezes you.
* * * LOW HITPOINT WARNING * * *
Unknown command.
It was a potion of ambrosia.
You are confused.
You feel invigorated.
Crazy Yiuf hits you with a +4 quarterstaff of chaos!
You die...

## # #. #. .##.##.
......#######
#..##....#.### ###
##.#......#..##...#
#........####@g...#
#.......## ###..)#
#..>##### ### #...#
####...##
...÷....#######
.....†...#....#
<..÷........#
####.).#####†....#


You could see Crazy Yiuf.

Vanquished Creatures
  Terence (D:2)
  6 adders
  A white imp (D:4)
  2 dart slugs
  A bat (D:4)
  5 endoplasms
  A giant cockroach (D:3)
  2 goblins
  4 hobgoblins
  3 jackals (D:3)
  5 kobolds
  2 quokkas (D:1)
  4 ball pythons
  5 frilled lizards
  5 rats
47 creatures vanquished.

Notes
Turn   | Place    | Note
-------+----------+-------------------------------------------
     0 | D:1      | RancidPinata the Gargoyle Gladiator began the quest for the
                  | Orb.
     0 | D:1      | Reached XP level 1. HP: 12/12 MP: 1/1
    85 | D:2      | Noticed Terence
   135 | D:1      | Found a faded altar of an unknown god.
   151 | D:1      | Reached XP level 2. HP: 11/18 MP: 2/2
   903 | D:2      | Reached XP level 3. HP: 18/22 MP: 3/3
  1111 | D:2      | Killed Terence
  1112 | D:2      | Reached skill level 1 in Armour
  1180 | D:2      | Found a bloodstained altar of Trog.
  1322 | D:2      | You fall into a shaft and drop 2 floors!
  1330 | D:4      | Reached XP level 4. HP: 28/28 MP: 4/4
  1337 | D:4      | Reached skill level 1 in Axes
  1483 | D:3      | Noticed Sigmund
  1534 | D:4      | Found a staircase to the Ecumenical Temple.
  1553 | Temple   | Entered the Ecumenical Temple
  1553 | Temple   | Found a transporter.
  1553 | Temple   | Found a transporter.
  1555 | Temple   | Found a transporter.
  1555 | Temple   | Found a transporter.
  1977 | D:4      | Noticed a lemure
  2019 | D:3      | Reached XP level 5. HP: 32/32 MP: 5/5
  2156 | D:3      | Found a snail-covered altar of Cheibriados.
  2225 | D:3      | Found a runed translucent door.
  2226 | D:3      | Noticed Crazy Yiuf
  2232 | D:3      | Slain by Crazy Yiuf

Illustrated notes

Levels and vault maps discovered:
D:1:      ncdulo_watergridlock, layout_basic, serial_curves, eino_curves_01,
          eino_curves_04, shapermc_ecumenical_altar_totnotflames
D:2:      layout_basic, basic_altar, minmay_statues_item, uniq_terence
D:3:      layout_loops_cross, lemuel_doored_altar, uniq_sigmund,
          uniq_crazy_yiuf_cottage
D:4:      layout_cave_pools, minmay_temple_entry_arrows, uniq_pikel
Temple:   hellmonk_temple_divided_pantheon

Skill      XL: |  1  2  3  4 |
---------------+-------------+-----
Throwing       | 2 |  2.4
Fighting       | 3 |  3.5
Armour         | 1 |  1.6
Axes           | 1 |  1.4
Maces & Flails | |  3.8
Dodging        | |  2.4

Action                     |  1- 3 |  4- 6 || total
---------------------------+-------+-------++-------
  Melee: Flail             |    67 |       ||    67
         War axe           |     9 |    58 ||    67
  Throw: Throwing net      |     1 |       ||     1
    Use: Potion            |       |     1 ||     1
 Armour: Leather armour    |    27 |    30 ||    57
  Dodge: Dodged            |    48 |    53 ||   101
